AoeStats
← ITA | Raffy

Nomad

504814094Analyzed
3v3 RM · 25d ago on Sep 6, 2026· 46m 58s· 6 players
Game mode
Random Map
Map size
210×210
Population
200
Speed
Normal
Resources
Standard
Victory
Conquest
Starting age
Dark Age
Ending age
Imperial Age
RankedLock teamsTeams togetherTeam positionsShared explorationLock speedFull tech treeHidden civsTurbo modeCheats
Victory
Defeat
🇪🇸 Vietnamese · Spain
1344
+14
🇪🇸 Japanese · Spain
1229
+18
🇨🇳 Italians · China
1224
+19
🇮🇹 Koreans · Italy
1384
-21
🇮🇹 Japanese · Italy
1272
-16
🇮🇹 Vietnamese · Italy
1206
-14
Towernello
3:25 Loom
14:08 Feudal Age
19:23 Castle Age
18:13 Fletching
30:49 Double-Bit Axe
32:00 Wheelbarrow
32:20 Bow Saw
34:25 Hand Cart
35:06 Padded Archer Armor
35:02 Bodkin Arrow
36:10 Fishing Lines
39:23 Imperial Age
38:29 Thumb Ring
37:47 Crossbowman
39:55 Leather Archer Armor
40:15 Bracer
40:05 Arbalester
40:50 Gillnets
43:56 Forging
Tattico87
8:55 Loom
14:27 Feudal Age
15:11 Gold Mining
15:12 Double-Bit Axe
17:01 Fletching
17:19 Fishing Lines
21:47 Castle Age
20:50 Wheelbarrow
22:46 Medium Warships
22:26 Gillnets
23:25 Bow Saw
24:57 Hand Cart
27:02 Horse Collar
28:02 Gold Shaft Mining
27:18 Stone Mining
29:42 Bodkin Arrow
30:07 Heavy Plow
34:21 Imperial Age
33:53 Crossbowman
34:39 Thumb Ring
34:57 Ballistics
35:26 Conscription
35:37 Shinkichon
36:31 Chemistry
36:34 Arbalester
40:37 Bracer
ITA | Raffy
3:12 Loom
13:59 Feudal Age
15:54 Man-at-Arms
16:46 Double-Bit Axe
19:06 Fletching
26:24 Castle Age
27:34 Bodkin Arrow
43:44 Bow Saw
SeR_GaGo
3:48 Loom
13:43 Feudal Age
14:07 Man-at-Arms
15:11 Double-Bit Axe
16:08 Fishing Lines
17:30 Arson
24:36 Castle Age
22:26 Horse Collar
22:47 Gold Mining
24:12 Forging
24:06 Scale Mail Armor
26:28 Bow Saw
27:54 Chain Mail Armor
28:16 Iron Casting
31:33 Heavy Plow
37:23 Imperial Age
37:20 Medium Warships
37:04 Pikeman
37:45 Squires
37:43 Elite Samurai
38:39 Capped Ram
41:40 Conscription
43:21 Heavy Warships
43:05 Gillnets
VaultBoy
4:40 Loom
15:46 Feudal Age
19:26 Castle Age
17:15 Double-Bit Axe
18:15 Forging
20:04 Town Watch
20:25 Fletching
23:55 Scale Mail Armor
27:17 Bow Saw
27:58 Bodkin Arrow
28:40 Iron Casting
30:20 Horse Collar
33:29 Chain Mail Armor
35:34 Wheelbarrow
35:57 Hand Cart
36:00 Squires
35:45 Arson
41:37 Imperial Age
39:06 Bodkin Arrow
39:12 Padded Archer Armor
40:49 Ballistics
40:47 Leather Archer Armor
42:22 Bracer
43:24 Chemistry
43:27 Ring Archer Armor
42:40 Elite Rattan Archer
43:47 Gold Mining
45:09 Siege Engineers
45:54 Treadmill Crane
darker
5:44 Loom
14:13 Feudal Age
19:53 Castle Age
17:51 Stone Mining
18:23 Horse Collar
18:46 Double-Bit Axe
24:35 Murder Holes
26:11 Bow Saw
26:27 Heavy Plow
27:24 Gold Mining
31:44 Wheelbarrow
33:54 Imperial Age
32:15 Scale Mail Armor
32:26 Forging
33:01 Squires
32:47 Arson
33:55 Chain Mail Armor
35:03 Conscription
35:27 Hand Cart
36:00 Plate Mail Armor
36:06 Iron Casting
36:15 Town Watch
39:56 Blast Furnace
39:25 Guilds
Connection lost

Rejoining the realm…

Still unreachable

The connection could not be restored.

Session expired

The server has moved on; the page needs a fresh start.